 Dungeon Crawl Stone Soup version 0.31-a0-365-gcf821cafb2 (webtiles) character file.

Game seed: 2656703056655735897

115 CraigForest the Changeling (level 4, -2/3 HPs)
             Began as a Draconian Shapeshifter on July 27, 2023.
             Frozen to death by an endoplasm (5 damage)
             ... on level 3 of the Dungeon.
             The game lasted 00:10:35 (1322 turns).

CraigForest the Changeling (Draconian Shapeshifter) Turns: 1322, Time: 00:10:35

Health: -2/3       AC: 15    Str: 19    XL:     4   Next: 68%
Magic:  4/4        EV: 32    Int:  9    God:
Gold:   122        SH:  0    Dex: 11    Spells: 3/3 levels left

rFire   . .          .
                       - Unarmed
rCold   . . .        (shield currently unavailable)
rNeg    . . .        (body armour unavailable)
rPois   ∞            (helmet currently unavailable)
rElec   +            (cloak currently unavailable)
rCorr   .            (gloves currently unavailable)
SInv    .            (boots currently unavailable)
Will    .....        (no amulet)
Stlth   +            (no ring)
HPRegen 0.20/turn    (no ring)
MPRegen 0.09/turn

%: no passive effects
@: storm-form, flying
A: cleaving, insubstantial, flying, reduced hp, AC +5, unfitting armour,
(cold-blooded)
a: Blinkbolt, Begin Untransformation


You were on level 3 of the Dungeon.
You were a lightning-filled tempest!
You visited 1 branch of the dungeon, and saw 3 of its levels.

You collected 122 gold pieces.

Inventory:

Hand Weapons
 f - a +0 orcbow
Missiles
 p - 4 poisoned darts
Armour
 g - a +0 helmet
 m - a +1 scale mail of cold resistance
Talismans
 b - a beast talisman
 e - a storm talisman
Scrolls
 d - a scroll of identify
 j - a scroll of teleportation {unknown}
 k - a scroll of poison {unknown}
 l - a scroll of fog {unknown}
 n - 3 scrolls of brand weapon {unknown}
 q - a scroll of enchant weapon {unknown}
Potions
 a - 2 potions of lignification
 c - a potion of invisibility
 h - 2 potions of cancellation
 i - a potion of mutation
 o - a potion of ambrosia {unknown}
 r - a potion of attraction {unknown}


   Skills:
 + Level 1.1 Fighting
 + Level 2.0 Dodging
 + Level 0.3 Stealth
 + Level 4.1 Unarmed Combat
 * Level 4.1 Shapeshifting


You had 3 spell levels left.
You didn't know any spells.
Your spell library contained the following spells:

 Spells                   Type           Power      Damage    Failure   Level
 Summon Guardian Golem    Hex/Summ       0%         N/A       77%         3
 Orb of Destruction       Conj           0%         9d5       100%        7
 Spellforged Servitor     Conj/Summ      0%         N/A       100%        7


Dungeon Overview and Level Annotations

Branches:
Dungeon (3/15)

Altars:

Shops:
D:2 [


Innate Abilities, Weirdness & Mutations

You are a lightning-filled tempest!
Your electrical attacks strike out in all directions at once.
You are incredibly evasive.
Your insubstantial body is immune to petrification, constriction, and being set on fire You are flying.
Your maximum health is decreased, since you lack skill for your form.
Your armour is entirely melded.
You are incapable of wielding weapons or throwing items.
((Your plain brown scales are hard. (AC +5)))
You cannot fit into any form of body armour.
You are immune to poison.
((You are cold-blooded and may be slowed by cold attacks.))


Message History

A dart slug comes into view.
The helpless dart slug fails to defend itself.
You buffet the dart slug!
You kill the dart slug!
You pick up a book of Dangerous Friends and begin reading...
You add the spells Summon Guardian Golem, Orb of Destruction and Spellforged Servitor to your library.
You reach down and open the door.
Found a short sword.
An endoplasm and a giant cockroach come into view.
There is an open door here.
The endoplasm quivers.
You batter the endoplasm!!
You kill the endoplasm!
You buffet the giant cockroach!
Lightning courses through the giant cockroach!
You kill the giant cockroach!
You see here a giant cockroach corpse.
Found 4 gold pieces.
You see here a +0 short sword.
r - an inky potion
Found 13 gold pieces.
You now have 109 gold pieces (gained 4).
You now have 122 gold pieces (gained 13).
There is a large open door here.
There is a large open door here.
You reach down and open the door.
There is an open door here.
Found a stone staircase leading down.
A kobold comes into view. It is wielding a +0 sling.
The kobold shouts!
You batter the kobold!!
You kill the kobold!
An endoplasm comes into view.
Things that are here:
a +0 sling; a +0 whip; a kobold corpse You barely miss the endoplasm.
The endoplasm freezes you.
You are frozen.
Ouch! That really hurt!
You die...

## ..# ##.########
.>........#
########..#......#
..........#......#
##.####v..#......# ####
......J...#......####...
##.#####).#.............
........#.#.............
##.####.#...............
##...#..#'#'######...
####.##...#..#.#'####
#...
.............#......#
#...
#####.###........#......#
#...


You could see an endoplasm.

Vanquished Creatures
  Jessica (D:2)
  An orc wizard (D:2)
  An adder (D:2)
  2 worms
  A dart slug (D:3)
  3 orcs (D:2)
  4 endoplasms
  4 giant cockroaches
  2 goblins
  2 hobgoblins (D:2)
  7 jackals (D:1)
  A quokka (D:1)
  4 ball pythons
  2 bats
  2 frilled lizards (D:2)
  3 kobolds
  4 rats
44 creatures vanquished.

Notes
Turn   | Place    | Note
-------+----------+-------------------------------------------
     0 | D:1      | CraigForest the Draconian Shapeshifter began the quest for
                  | the Orb.
     0 | D:1      | Reached XP level 1. HP: 16/16 MP: 1/1
    78 | D:1      | Reached XP level 2. HP: 18/23 MP: 2/2
   305 | D:1      | Found a faded altar of an unknown god.
   857 | D:2      | Reached XP level 3. HP: 2/28 MP: 3/3
   881 | D:2      | Noticed Jessica
   885 | D:2      | Killed Jessica
   949 | D:2      | Found Ytturchet's Antique Armour Shoppe.
  1075 | D:2      | Reached XP level 4. HP: 3/35 MP: 4/4
  1322 | D:3      | Frozen to death by an endoplasm

Illustrated notes

Levels and vault maps discovered:
D:1:      dpeg_arrival_ternary, layout_loops_cross,
          hellmonk_ecumenical_altar_run_dry
D:2:      layout_basic, serial_shops, shop, uniq_jessica
D:3:      layout_basic, gammafunk_temple_overflow_statue

Skill      XL: |  1  2  3  4 |
---------------+-------------+-----
Shapeshifting  | 4 |  4.1
Dodging        | 2 |  2.0
Unarmed Combat | 4 |  4.1
Fighting       | |  1.1
Stealth        | |  0.3

Action                     |  1- 3 |  4- 6 || total
---------------------------+-------+-------++-------
  Melee: Unarmed           |    65 |    19 ||    84
         Tailslap          |     3 |       ||     3
         Punch             |     1 |       ||     1
    Use: Scroll            |     3 |       ||     3
   Stab: Sleeping          |       |     1 ||     1
 Armour: Skin              |    10 |       ||    10
  Dodge: Dodged            |    35 |     5 ||    40
   Form: Storm             |     1 |       ||     1

Table legend: (Time is in decaauts)
 A = Elapsed time spent in this place.
 B = Non-inter-level travel time spent in this place.
 C = Inter-level travel time spent in this place.
 D = Time resting spent in this place.
 E = Time spent auto-exploring this place.
 F = Levels seen in this place.
 G = Mean time per level.
                   A        B        C        D        E       F      G
               +--------+--------+--------+--------+--------+-----+--------+
         Total |   1316 |    836 |    480 |      0 |    549 |   3 |  438.7 |
       Dungeon |   1316 |    836 |    480 |      0 |    549 |   3 |  438.7 |
               +--------+--------+--------+--------+--------+-----+--------+

Top non-repeatable levels by time:
     D:1: 663 daAuts
     D:2: 490 daAuts
     D:3: 162 daAuts
